 Dungeon Crawl Stone Soup version 0.31-a0-233-g139696dc86 (webtiles) character file.

Game seed: 12692741953494029235

280 qw the Shooter (level 6, -2/52 HPs)
             Began as a Minotaur Hexslinger on July 9, 2023.
             Slain by a gnoll
             ... wielding a +0 spear
              (5 damage)
             ... on level 4 of the Dungeon.
             The game lasted 00:00:44 (2238 turns).

qw the Shooter (Minotaur Hexslinger)                Turns: 2238, Time: 00:00:45

Health: -2/52      AC:  3    Str: 12    XL:     6   Next: 5%
Magic:  6/6        EV: 12    Int: 10    God:
Gold:   240        SH:  5    Dex: 15    Spells: 6/7 levels left

rFire   . . .        f - +1 sling (heavy)
rCold   . . .        (no shield)
rNeg    . . .        e - +0 leather armour
rPois   .            (helmet restricted)
rElec   .            (no cloak)
rCorr   .            (no gloves)
SInv    .            (no boots)
Will    .....        b - amulet of reflection
Stlth   +            (no ring)
HPRegen 0.28/turn    (no ring)
MPRegen 0.10/turn

%: reflection
@: no status effects
A: horns 2, retaliatory headbutt
a: no special abilities


You were on level 4 of the Dungeon.
You visited 1 branch of the dungeon, and saw 4 of its levels.

You collected 240 gold pieces.


Innate Abilities, Weirdness & Mutations

You have a pair of horns on your head.
You reflexively headbutt those who attack you in melee.


   Skills:
 - Level 4.0 Fighting
 + Level 6.0 Ranged Weapons
 - Level 2.1 Dodging
 - Level 1.0 Spellcasting
 - Level 2.0 Hexes


You had 6 spell levels left.
You knew the following spells:

 Your Spells              Type           Power      Damage    Failure   Level
a - Slow                  Hex            16%        N/A       19%         1

Your spell library contained the following spells:

 Spells                   Type           Power      Damage    Failure   Level
 Inner Flame              Hex/Fire       2%         N/A       65%         3
 Portal Projectile        Hex/Tloc       4%         N/A       65%         3
 Cause Fear               Hex            2%         N/A       88%         4

Inventory:

Hand Weapons
 f - a +1 heavy sling (weapon)
Armour
 a - a +0 pair of gloves
 e - a +0 leather armour (worn)
Jewellery
 b - an amulet of reflection (around neck)
Scrolls
 i - a scroll of identify
Potions
 g - a potion of mutation
 h - a potion of curing {unknown}

Dungeon Overview and Level Annotations

Branches:
Dungeon (4/15)
 Temple: D:4-7

Altars:


Message History

2232 ||| DRINKING potion of heal wounds.
You feel much better. The hobgoblin hits you. You block the gnoll's attack.
The gnoll misses you. You furiously retaliate!
You headbutt the gnoll. The gnoll closely misses you.
You shoot a sling bullet.
The sling bullet closely misses the gnoll.
The hobgoblin closely misses you. You furiously retaliate!
You headbutt the hobgoblin.
You kill the hobgoblin!
The gnoll closely misses you.
The gnoll hits you from afar with a +0 spear.
The gnoll hits you with a +0 halberd! You block the gnoll's attack.
The gnoll barely misses you.
The gnoll hits you from afar with a +0 spear.
You shoot a sling bullet. The sling bullet hits the gnoll!
The gnoll is severely wounded.
The gnoll hits you from afar with a +0 spear.
The gnoll misses you. The gnoll barely misses you. You furiously retaliate!
You headbutt the gnoll, but do no damage.
You shoot a sling bullet. The sling bullet hits the gnoll.
The gnoll is severely wounded.
The gnoll misses you. You block the gnoll's attack. The gnoll misses you.
You block the gnoll's attack.
The gnoll hits you from afar with a +0 spear. x2
You shoot a sling bullet.
The sling bullet closely misses the gnoll.
The gnoll misses you. You block the gnoll's attack.
The gnoll closely misses you. You furiously retaliate!
You headbutt the gnoll.
You kill the gnoll!
The gnoll misses you.
The gnoll hits you from afar with a +0 spear.
Your Fighting skill increases to level 4!
You shoot a sling bullet. The sling bullet hits the gnoll!
The gnoll is severely wounded.
The gnoll hits you from afar with a +0 spear.
The gnoll barely misses you.
You shoot a sling bullet. The sling bullet hits the gnoll.
You kill the gnoll!
The gnoll hits you from afar with a +0 spear.
You die...

..
..##########
...........#
...........#
...........#
.........).#
....$......#
.......@.g.#
.......))..#
#.##########


You could see a gnoll.

Vanquished Creatures
  An ogre (D:4)
  2 hounds (D:4)
  2 adders
  7 gnolls
  2 worms
  A dart slug (D:3)
  A ball python (D:1)
  2 bats
  7 endoplasms
  7 giant cockroaches
  5 goblins
  6 hobgoblins
  A quokka (D:3)
  A frilled lizard (D:3)
  2 rats
47 creatures vanquished.

Notes
Turn   | Place    | Note
-------+----------+-------------------------------------------
     0 | D:1      | qw the Minotaur Hexslinger began the quest for the Orb.
     0 | D:1      | Reached XP level 1. HP: 16/16 MP: 1/1
     0 | D:1      | 0 ||| qw: Version: 0.3-a-51-g015441d
     0 | D:1      | 0 ||| qw: Game counter: 3971
     0 | D:1      | 0 ||| qw: Melee chars always use a shield: true
     0 | D:1      | 0 ||| qw: God list: Okawaru
     0 | D:1      | 0 ||| qw: Allow faded altars: false
     0 | D:1      | 0 ||| qw: Do Orc after clearing Dungeon:15 true
     0 | D:1      | 0 ||| qw: Do second Lair branch before Depths: true
     0 | D:1      | 0 ||| qw: Lair rune preference: random
     0 | D:1      | 0 ||| qw: Goals: Normal
     0 | D:1      | 0 ||| PLANNING D:1-11
   168 | D:1      | Reached skill level 3 in Ranged Weapons
   168 | D:1      | Reached XP level 2. HP: 23/23 MP: 2/2
   658 | D:1      | 658 ||| READING scroll labelled JYXERU ISOACW.
   659 | D:1      | 659 ||| READING scroll labelled ZELEARCHEROD.
   660 | D:1      | 660 ||| READING scroll labelled YWOGOT CYEME.
   661 | D:1      | 661 ||| READING 2 scrolls labelled LUHEGR IXOITHREMP.
   662 | D:1      | 662 ||| READING scroll labelled MOGESI ESESEISH.
   663 | D:1      | 663 ||| DROPPING scroll of poison.
  1015 | D:2      | 1015 ||| UPGRADING to +0 leather armour.
  1025 | D:2      | 1025 ||| DROPPING +0 robe.
  1026 | D:2      | 1026 ||| UPGRADING to amulet of reflection.
  1031 | D:2      | 1031 ||| DRINKING 2 green potions.
  1032 | D:2      | 1032 ||| READING 2 scrolls of identify.
  1032 | D:2      | 1032 ||| IDENTIFYING white potion
  1033 | D:2      | 1033 ||| DROPPING potion of ambrosia.
  1081 | D:3      | 1081 ||| FLEEEEING.
  1082 | D:3      | 1082 ||| FLEEEEING.
  1083 | D:3      | 1083 ||| FLEEEEING.
  1084 | D:3      | 1084 ||| FLEEEEING.
  1085 | D:3      | 1085 ||| FLEEEEING.
  1086 | D:3      | 1086 ||| FLEEEEING.
  1087 | D:3      | 1087 ||| FLEEEEING.
  1088 | D:3      | 1088 ||| FLEEEEING.
  1089 | D:3      | 1089 ||| FLEEEEING.
  1145 | D:3      | Reached XP level 3. HP: 29/29 MP: 3/3
  1197 | D:3      | Reached skill level 4 in Ranged Weapons
  1203 | D:3      | Reached XP level 4. HP: 23/36 MP: 4/4
  1916 | D:3      | 1916 ||| READING scroll labelled QIOWUY WEYCKO.
  1920 | D:3      | 1920 ||| READING scroll labelled ETYSHR YXERHI.
  1985 | D:3      | 1985 ||| READING 2 scrolls of identify.
  1985 | D:3      | 1985 ||| IDENTIFYING clear potion
  2044 | D:4      | Noticed an ogre
  2050 | D:4      | Killed an ogre
  2051 | D:4      | Reached skill level 6 in Ranged Weapons
  2051 | D:4      | Reached XP level 5. HP: 31/41 MP: 5/5
  2143 | D:4      | Reached skill level 3 in Fighting
  2231 | D:4      | HP: 10/46 [gnoll/+0 spear (5)]
  2232 | D:4      | Reached XP level 6. HP: 10/52 MP: 6/6
  2232 | D:4      | 2232 ||| DRINKING potion of heal wounds.
  2236 | D:4      | HP: 6/52 [gnoll/+0 spear (6)]
  2237 | D:4      | HP: 2/52 [gnoll/+0 spear (4)]
  2238 | D:4      | Slain by a gnoll

Levels and vault maps discovered:
D:1:      dpeg_arrival_three_bigger_balls, layout_basic,
          minmay_misc_feat_encased
D:2:      layout_basic
D:3:      layout_basic
D:4:      layout_basic

Skill      XL: |  1  2  3  4  5  6 |
---------------+-------------------+-----
Ranged Weapons | 3 4 6 |  6.0
Fighting       | 2 3 4 |  4.0
Dodging        | |  2.1
Spellcasting   | |  1.0
Hexes          | |  2.0

Action                     |  1- 3 |  4- 6 || total
---------------------------+-------+-------++-------
   Fire: Sling             |    73 |    53 ||   126
    Use: Scroll            |     6 |     3 ||     9
         Potion            |     1 |     1 ||     2
 Armour: Robe              |     6 |       ||     6
         Leather armour    |     5 |     2 ||     7
  Dodge: Dodged            |    17 |    33 ||    50
  Block: Other             |     7 |    11 ||    18
         Reflection        |     1 |       ||     1

Table legend:
 A = Non-vault XP
 B = Vault XP
 C = Vault XP percentage of total XP
 D = Non-vault monster count
 E = Vault monster count
 F = Vault count percentage of total count
                 A         B        C        D         E       F
            +---------+---------+-------+---------+---------+-------
      Total |     416 |       0 |   0.0 |      47 |       0 |   0.0
            +---------+---------+-------+---------+---------+-------
        D:1 |      24 |       0 |   0.0 |      12 |       0 |   0.0
        D:2 |      13 |       0 |   0.0 |       6 |       0 |   0.0
        D:3 |      97 |       0 |   0.0 |      18 |       0 |   0.0
        D:4 |     282 |       0 |   0.0 |      11 |       0 |   0.0
            +---------+---------+-------+---------+---------+-------
